Map: Acropolis LE

Players

MarineLorD

  • Race: Terran Terran
  • League: Grandmaster
  • Spawn Location: 5:00

llllllllllll (Oliveira) - Winner!

  • Race: Terran Terran
  • League: Master
  • Spawn Location: 11:00

Event: 2019 Assembly Summer

VOD

Have the link to the VOD?

Description

Time

  • Played on: Aug. 1, 2019, 12:47 p.m.
  • Length: 7:48

All games in this series

Show
View Real Time Build Order
Export as new Build Order

MarineLorD Terran 

Build Orders: Gas First Reaper Expand 

Get SALT Encoding   

  12  0:00  SCV  
  13  0:12  SCV  
  14  0:16  Supply Depot  
  14  0:24  SCV  
  15  0:30  Refinery  
  15  0:38  SCV  
  16  0:44  Barracks  
  16  0:50  SCV  
  17  1:02  SCV  
  18  1:14  SCV  
  19  1:30  Orbital Command  
  19  1:31  Reaper  
  20  1:43  Command Center  
  20  1:54  Factory  
  20  1:58  SCV  
  21  2:08  Supply Depot, Barracks Reactor  
  21  2:12  SCV  
  22  2:19  Refinery  
  22  2:24  SCV  
  23  2:36  SCV  
  22  2:48  Starport, SCV  
  22  2:51  Marine  
  23  2:58  Hellion x2  
  27  3:00  SCV  
  27  3:13  SCV  
  27  3:16  Orbital Command  
  27  3:19  Hellion  
  32  3:20  Hellion  
  32  3:25  SCV  
  32  3:30  Starport Tech Lab  
  32  3:37  SCV  
  33  3:43  SCV  
  33  3:47  Factory Tech Lab  
  34  3:48  Raven  
  34  3:49  SCV  
  34  3:52  Refinery  
  34  3:55  SCV  
  40  3:57  Supply Depot  
  40  4:01  SCV  
  39  4:07  SCV  
  40  4:11  Siege Tank  
  40  4:13  SCV  
  40  4:14  Supply Depot  
  44  4:19  SCV  
  45  4:25  SCV  
  45  4:27  Command Center  
  46  4:31  SCV  
  46  4:37  Raven, SCV  
  50  4:40  Marine x2  
  50  4:43  SCV  
  53  4:46  Supply Depot  
  53  4:49  SCV  
  54  4:53  Siege Tank  
  54  4:55  SCV  
  58  5:00  Supply Depot  
  58  5:01  SCV  
  58  5:02  Marine  
  58  5:03  Marine  
  61  5:08  SCV  
  61  5:10  Refinery  
  61  5:14  Supply Depot, SCV  
  63  5:20  Raven  
  63  5:21  SCV  
  66  5:25  Marine x2  
  66  5:26  SCV  
  69  5:33  Siege Tank, SCV  
  73  5:38  Engineering Bay x2, SCV  
  73  5:41  Orbital Command  
  74  5:44  Marine x2  
  74  5:46  SCV  
  77  5:50  SCV  
  78  5:58  SCV  
  78  5:59  Orbital Command  
  78  6:02  SCV  
  80  6:04  Barracks  
  80  6:06  Barracks, Siege Tank  
  80  6:10  SCV  
  84  6:15  Viking x2  
  84  6:16  Marine  
  89  6:20  SCV  
  89  6:23  SCV  
  91  6:30  SCV  
  92  6:36  Marine  
  92  6:38  Siege Tank  
  92  6:39  SCV x2  
  98  6:43  Supply Depot  
  98  6:53  Supply Depot, Barracks Reactor x2  
  98  6:54  Supply Depot  
  96  6:55  SCV x3  
  96  6:58  Viking  
  101  7:05  Marine, Viking  
  101  7:07  SCV  
  105  7:09  SCV  
  105  7:11  SCV  
  105  7:15  Supply Depot x2, Siege Tank  
  110  7:16  Supply Depot  
  110  7:19  SCV  
  111  7:29  SCV  
  99  7:34  SCV  
Show
View Real Time Build Order
Export as new Build Order

llllllllllll Terran - Winner!

Build Orders: Reaper Expand 

Get SALT Encoding   

  12  0:00  SCV  
  13  0:13  SCV  
  14  0:17  Supply Depot  
  14  0:25  SCV  
  15  0:39  SCV  
  15  0:42  Barracks  
  16  0:44  Refinery  
  16  0:51  SCV  
  17  1:03  SCV  
  18  1:15  SCV  
  19  1:30  Reaper, Orbital Command  
  20  1:41  Command Center  
  20  1:56  Supply Depot, SCV  
  21  2:02  Marine  
  21  2:08  SCV  
  23  2:10  Factory  
  23  2:13  Refinery  
  23  2:20  SCV  
  23  2:22  Barracks Reactor  
  24  2:32  SCV  
  25  2:50  SCV  
  26  2:57  Hellion  
  28  2:58  Orbital Command  
  28  3:00  Marine x2  
  28  3:03  SCV  
  28  3:04  Starport  
  28  3:05  Bunker  
  31  3:15  Refinery, SCV  
  31  3:19  Marine  
  33  3:20  Marine  
  33  3:23  Factory Tech Lab  
  33  3:27  SCV  
  33  3:28  SCV  
  35  3:37  Marine  
  35  3:39  SCV  
  35  3:40  SCV  
  38  3:46  Supply Depot, Marine  
  39  3:49  Factory Tech Lab  
  39  3:50  Raven  
  39  3:51  SCV  
  39  3:52  SCV  
  43  3:57  Marine  
  44  4:03  SCV  
  44  4:04  Marine  
  44  4:07  Supply Depot  
  44  4:08  Cyclone, SCV  
  50  4:15  Marine  
  50  4:16  SCV  
  52  4:20  SCV  
  52  4:22  Marine  
  54  4:26  Supply Depot  
  54  4:28  SCV  
  55  4:32  SCV  
  55  4:33  Marine, Raven  
  59  4:39  Marine  
  59  4:41  SCV  
  61  4:47  Supply Depot  
  61  4:48  Siege Tank  
  61  4:52  Command Center  
  64  4:53  SCV  
  64  4:56  SCV  
  64  4:58  Marine  
  64  4:59  Marine  
  68  5:00  Refinery  
  68  5:05  SCV  
  69  5:08  SCV  
  69  5:11  Supply Depot  
  70  5:16  Raven, Marine x2  
  70  5:17  SCV  
  75  5:21  Siege Tank  
  75  5:24  Supply Depot  
  78  5:31  Barracks  
  78  5:33  Barracks, SCV  
  79  5:36  SCV  
  80  5:44  Marine x2  
  80  5:45  SCV  
  80  5:47  Supply Depot  
  80  5:48  SCV  
  84  5:53  Siege Tank  
  87  5:58  SCV  
  88  6:05  Orbital Command  
  88  6:07  Viking x2  
  88  6:10  Marine  
  93  6:11  SCV  
  93  6:14  Supply Depot  
  93  6:15  SCV  
  95  6:19  Barracks Reactor  
  95  6:20  Barracks Reactor  
  95  6:25  Siege Tank  
  98  6:33  SCV, Orbital Command  
  98  6:34  Engineering Bay x2, SCV  
  98  6:38  Viking  
  98  6:39  Viking  
  104  6:45  Marine  
  104  6:46  SCV  
  104  6:56  Marine x3  
  104  6:57  Marine  
  104  6:59  SCV x2  
  104  7:01  SCV  
  111  7:02  Siege Tank  
  114  7:11  SCV x2  
  114  7:14  Marine, Barracks, SCV  
  114  7:15  Barracks  
  118  7:17  Marine  
  119  7:23  SCV  
  119  7:28  Marine  
  119  7:29  Marine  
Tags
 
Add a new tag
Caveats
  • Supply blocks, unpowered buildings, or Contaminate may cause inaccurate times.
  • Supply counts are checked every 10 seconds.